AoeStats
← 哈偶纳尼

Arena

510471673Analyzed
4v4 RM · 3d ago on Oct 1, 2026· 45m 8s· 8 players
Game mode
Random Map
Map size
Large (8 player)
Population
200
Speed
Normal
Resources
Standard
Victory
Conquest
Starting age
Dark Age
Ending age
Imperial Age
RankedLock teamsTeams togetherTeam positionsShared explorationLock speedFull tech treeHidden civsTurbo modeCheats
Victory
Defeat
🇨🇳 Cumans · China
1304
+12
🇨🇳 Saxons · China
1296
+12
🇨🇳 Wei · China
1295
+12
🇨🇳 Mongols · China
1018
+24
🇮🇹 Goths · Italy
1252
-17
🇨🇳 Huns · China
1219
-16
🇨🇳 Franks · China
1176
-14
🇨🇳 Tupi · China
1160
-13
^_^
10:23 Feudal Age
14:38 Castle Age
12:35 Double-Bit Axe
12:49 Horse Collar
29:18 Imperial Age
27:13 Loom
28:04 Wheelbarrow
27:33 Heavy Plow
28:01 Gold Mining
28:04 Stone Mining
28:26 Bow Saw
28:03 Town Watch
28:54 Scale Barding Armor
28:59 Forging
29:42 Gold Shaft Mining
30:02 Chain Barding Armor
30:22 Conscription
30:05 Marauders
30:26 Conscription
31:12 Iron Casting
30:38 Elite Tarkan
31:58 Husbandry
32:09 Bloodlines
33:03 Plate Barding Armor
37:40 Light Cavalry
39:58 Blast Furnace
38:22 Hussar
MLT | Bombad Gastald
5:46 Loom
10:48 Feudal Age
14:42 Castle Age
12:48 Double-Bit Axe
13:55 Horse Collar
19:16 Man-at-Arms
20:26 Long Swordsman
22:04 Squires
22:15 Scale Mail Armor
25:07 Bow Saw
25:30 Chain Mail Armor
25:27 Gold Mining
26:55 Pikeman
subaru
10:38 Feudal Age
11:36 Loom
15:00 Castle Age
14:35 Double-Bit Axe
17:00 Bow Saw
19:09 Loom
22:04 Wheelbarrow
24:37 Hand Cart
24:53 Gold Mining
25:31 Husbandry
25:39 Scale Barding Armor
25:45 Forging
casuai
10:38 Feudal Age
8:54 Loom
16:06 Castle Age
16:03 Champi Runner
17:33 Scale Mail Armor
24:41 Forging
29:45 Champi Warrior
32:19 Double-Bit Axe
33:00 Horse Collar
40:28 Imperial Age
39:12 Fletching
40:43 Bodkin Arrow
41:11 Padded Archer Armor
42:16 Bracer
42:15 Pikeman
43:34 Ballistics
44:04 Leather Archer Armor
44:29 Conscription
TwT
10:22 Feudal Age
14:09 Castle Age
13:11 Double-Bit Axe
27:47 Horse Collar
28:37 Loom
34:40 Squires
38:26 Imperial Age
36:32 Wheelbarrow
37:27 Hand Cart
38:39 Bow Saw
38:35 Heavy Plow
39:15 Forging
39:05 Scale Mail Armor
39:26 Gold Mining
39:27 Arson
39:30 Gambesons
41:27 Iron Casting
41:08 Chain Mail Armor
40:21 Elite Varangian Guard
42:04 Conscription
41:39 Capped Ram
42:34 Shield Wall
43:21 Scale Barding Armor
44:44 Plate Mail Armor
XY
8:34 Feudal Age
9:20 Double-Bit Axe
9:48 Horse Collar
20:58 Castle Age
19:19 Gold Mining
19:55 Scale Barding Armor
20:01 Forging
21:26 Capped Ram
22:19 Bloodlines
22:33 Chain Barding Armor
22:48 Iron Casting
25:52 Loom
29:31 Wheelbarrow
31:26 Iron Casting
31:04 Bow Saw
33:58 Imperial Age
31:45 Hand Cart
41:03 Plate Barding Armor
41:13 Gold Shaft Mining
40:22 Elite Steppe Lancer
44:34 Blast Furnace
43:54 Stone Mining
45:15 Two-Man Saw
44:17 Heavy Plow
44:31 Pikeman
哈偶纳尼
9:40 Feudal Age
10:12 Double-Bit Axe
11:02 Loom
16:19 Castle Age
14:59 Horse Collar
19:22 Fletching
22:18 Bodkin Arrow
23:41 Padded Archer Armor
24:25 Wheelbarrow
26:13 Tuntian
28:09 Thumb Ring
34:29 Husbandry
34:40 Bloodlines
38:21 Gold Mining
41:44 Imperial Age
40:50 Pikeman
Great after 40mins
10:41 Feudal Age
11:26 Double-Bit Axe
14:16 Loom
14:18 Horse Collar
16:45 Castle Age
15:37 Gold Mining
15:59 Stone Mining
19:44 Bow Saw
20:20 Heavy Plow
30:59 Imperial Age
29:18 Gold Shaft Mining
29:12 Ballistics
28:46 Fletching
30:18 Wheelbarrow
29:59 Padded Archer Armor
31:34 Fervor
31:44 Leather Archer Armor
31:58 Husbandry
32:08 Bloodlines
31:19 Light Cavalry
33:43 Conscription
32:46 Elite Mangudai
33:41 Hussar
36:40 Bodkin Arrow
38:24 Elite Steppe Lancer
39:58 Hand Cart
40:21 Stone Shaft Mining
39:48 Bracer
39:58 Forging
39:54 Scale Barding Armor
Connection lost

Rejoining the realm…

Still unreachable

The connection could not be restored.

Session expired

The server has moved on; the page needs a fresh start.